 Dungeon Crawl Stone Soup version 0.31-a0-963-ga325b2283a (webtiles) character file.

Game seed: 4665892084804831281

522 IdlyInterested the Trooper (level 7, -1/52 HPs)
             Began as a Demonspawn Gladiator on Oct 25, 2023.
             Succumbed to a kobold's poison
             ... on level 4 of the Dungeon.
             The game lasted 00:10:19 (2967 turns).

IdlyInterested the Trooper (Demonspawn Gladiator)   Turns: 2967, Time: 00:10:20

Health: -1/52      AC:  7    Str: 15 (16) XL:     7   Next: 2%
Magic:  9/9        EV: 11    Int:  7 (9)  God:
Gold:   77         SH:  0    Dex: 13 (15) Spells: 6/6 levels left

rFire   . . .        y - +3 dagger (drain)
rCold   . . .        (no shield)
rNeg    . . .        w - +0 ring mail
rPois   .            b - +0 helmet
rElec   .            (no cloak)
rCorr   .            v - +0 pair of gloves
SInv    .            (no boots)
Will    +....        (no amulet)
Stlth   ++           (no ring)
HPRegen 0.28/turn    (no ring)
MPRegen 0.22/turn

%: no passive effects
@: brilliant, lethally poisoned (-1 -> -10), enlightened, flying, hasted,
invisible, very quick
A: hooves 2, magic regeneration, weakness stinger 1, demonic touch 1
a: no special abilities


You were on level 4 of the Dungeon.
You visited 1 branch of the dungeon, and saw 4 of its levels.

You collected 121 gold pieces.
You spent 44 gold pieces at shops.

Inventory:

Hand Weapons
 f - a +0 short sword
 h - a +0 dagger
 k - a +0 vampiric short sword
 p - a +0 trident
 y - a +3 dagger of draining (weapon)
 C - a +2 morningstar of protection
 D - a +0 long sword
 F - a +1 short sword of venom
 G - a +0 hand axe
Missiles
 c - 3 throwing nets
 d - a javelin
 e - 28 stones (quivered)
 z - 11 poisoned darts
Armour
 a - a +0 leather armour
 b - a +0 helmet (worn)
 l - a +0 robe
 v - a +0 pair of gloves (worn)
 w - a +0 ring mail (worn)
 x - an orb of mayhem
Magical Staves
 r - a staff of poison
 E - a staff of earth
Talismans
 H - a blade talisman
Scrolls
 g - a scroll of acquirement {unknown}
 i - a scroll of fear {unknown}
 j - a scroll of blinking {unknown}
 q - a scroll of vulnerability {unknown}
 s - a scroll of enchant weapon {unknown}
 B - a scroll of poison {unknown}


   Skills:
 - Level 3.0 Fighting
 + Level 2.6 Throwing
 - Level 3.0 Armour
 - Level 3.0 Dodging
 - Level 3.0 Stealth
 - Level 3.0 Unarmed Combat
 - Level 3.0 Invocations
 - Level 3.0 Evocations


You had 6 spell levels left.
You didn't know any spells.
Your spell library contained the following spells:

 Spells                   Type           Power      Damage    Failure   Level
 Call Canine Familiar     Summ           0%         N/A       95%         3
 Ozocubu's Armour         Ice            0%         N/A       95%         3
 Sigil of Binding         Hex            0%         N/A       95%         3
 Dimensional Bullseye     Hex/Tloc       0%         N/A       100%        4
 Leda's Liquefaction      Hex/Erth       0%         N/A       100%        4
 Ozocubu's Refrigeration  Ice            0%         4d7       100%        7


Dungeon Overview and Level Annotations

Branches:
Dungeon (4/15)             Temple (0/1) D:4

Altars:
Fedhas

Shops:
D:1 *   D:3 (

Annotations:
D:4 Pikel


Innate Abilities, Weirdness & Mutations

You have hoof-like feet.
You regenerate magic rapidly.
You have a small tail.
Your touch may inflict minor irresistible damage on your foes.


Message History

You completely miss Pikel. Your kick misses Pikel.
You touch Pikel!
Pikel is lightly wounded.
You closely miss Pikel.
Pikel is lightly wounded.
Pikel hits you but does no damage.
You hit Pikel but do no damage. You kick Pikel, but do no damage.
Pikel is lightly wounded.
Pikel hits you with a +1 whip of freezing!
* * * LOW HITPOINT WARNING * * *
Pikel freezes you.
* * * LOW HITPOINT WARNING * * *
It was a potion of enlightenment.
You feel very buoyant.
You fly up into the air.
It was a potion of curing.
You feel better.
Pikel hits you with a +1 whip of freezing!
* * * LOW HITPOINT WARNING * * *
Pikel freezes you.
* * * LOW HITPOINT WARNING * * *
It was a potion of degeneration.
There was something very wrong with that liquid.
You feel weakened.
You feel dopey.
You feel clumsy.
Pikel hits you with a +1 whip of freezing.
* * * LOW HITPOINT WARNING * * *
Pikel freezes you.
* * * LOW HITPOINT WARNING * * *
It was a potion of invisibility.
You fade into invisibility!
You catch the helpless Pikel completely off-guard!
You puncture Pikel! You kick Pikel.
Pikel is heavily wounded.
The kobold throws a poisoned dart.
The poisoned dart barely misses the lemure.
The poisoned dart closely misses Pikel.
The poisoned dart hits you!
You are lethally poisoned!
Pikel misses you.
You aren't carrying any potions.
You hit Pikel. You drain Pikel. You tail-slap Pikel.
You touch Pikel.
Pikel is severely wounded.
You die...

#......#######..
####.....# . ..
#.#.#.#
#..###.#.#.#
#........# #
##.###.### #...#
..######.#
....55K@.#
≈≈≈.K##### ≈≈≈ _


You could see Pikel (unable to see you, drained), 2 lemures and a kobold (unable
to see you).

Vanquished Creatures
  Grinder (D:3)
  A sky beast (D:4)
  An ice beast (D:3)
  A lemure (D:4)
  An iguana (D:4)
  Natasha (D:4)
  3 adders
  A worm (D:4)
  4 dart slugs
  7 orcs
  3 bats
  4 endoplasms
  2 giant cockroaches
  2 goblins
  9 hobgoblins
  2 jackals (D:3)
  4 quokkas
  7 ball pythons
  6 frilled lizards
  3 kobolds
  3 rats
66 creatures vanquished.

Notes
Turn   | Place    | Note
-------+----------+-------------------------------------------
     0 | D:1      | IdlyInterested the Demonspawn Gladiator began the quest for
                  | the Orb.
     0 | D:1      | Reached XP level 1. HP: 16/16 MP: 1/1
   118 | D:1      | Reached skill level 1 in Armour
   149 | D:1      | Found Binn's Assorted Antiques.
   341 | D:1      | Reached skill level 1 in Stealth
   351 | D:1      | Discovered your monstrous ancestry.
   351 | D:1      | Gained mutation: You have large cloven feet. [demonic
                  | ancestry]
   351 | D:1      | Reached XP level 2. HP: 22/22 MP: 2/2
   904 | D:1      | Bought a cyan potion for 22 gold pieces
   904 | D:1      | Bought a bubbling blue potion for 22 gold pieces
  1182 | D:2      | Gained mutation: Your touch may inflict minor irresistible
                  | damage on your foes. [demonic ancestry]
  1182 | D:2      | Reached XP level 3. HP: 22/27 MP: 3/3
  1885 | D:3      | Reached skill level 1 in Evocations
  1935 | D:3      | Gained mutation: You have hoof-like feet. [demonic
                  | ancestry]
  1935 | D:3      | Reached XP level 4. HP: 33/33 MP: 4/4
  2005 | D:3      | Found Hoaty's Antique Weapon Boutique.
  2041 | D:3      | Noticed Grinder
  2058 | D:3      | Killed Grinder
  2059 | D:3      | Reached XP level 5. HP: 15/41 MP: 5/5
  2059 | D:3      | Gained mutation: You regenerate magic rapidly. [demonic
                  | ancestry]
  2059 | D:3      | Reached XP level 6. HP: 17/47 MP: 6/6
  2428 | D:3      | Noticed an ice beast
  2437 | D:3      | Killed an ice beast
  2613 | D:4      | Noticed Natasha
  2623 | D:4      | Killed Natasha
  2683 | D:4      | Found a staircase to the Ecumenical Temple.
  2730 | D:4      | Noticed a sky beast
  2752 | D:4      | Killed a sky beast
  2753 | D:4      | Gained mutation: You have a small tail. [demonic ancestry]
  2753 | D:4      | Reached XP level 7. HP: 38/52 MP: 9/9
  2933 | D:4      | Found a blossoming altar of Fedhas.
  2933 | D:4      | Noticed Pikel
  2964 | D:4      | HP: 2/52 [Pikel/+1 whip of freezing (1)]
  2967 | D:4      | Succumbed to a kobold's poison

Illustrated notes

Levels and vault maps discovered:
D:1:      psy_arrival_heroes, layout_basic, serial_shops,
          nicolae_shop_overgrown_old_shop, minmay_misc_feat_cross
D:2:      layout_loops_cross, minmay_curled_crystal
D:3:      layout_loops_ring, serial_shops, shop, uniq_grinder
D:4:      layout_basic, general_overflow_altar, minmay_temple_entry_statues,
          kennysheep_cluttered_room, grunt_decor_cap, uniq_eustachio,
          uniq_pikel, uniq_natasha

Skill      XL: |  1  2  3  4  5  6 |
---------------+-------------------+-----
Armour         | 1 2 3 |  3.0
Stealth        | 1 2 3 |  3.0
Throwing       | 2 |  2.6
Evocations     | 1 2 3 |  3.0
Fighting       | 3 |  3.0
Unarmed Combat | 3 |  3.0
Dodging        | 3 |  3.0
Invocations    | 3 |  3.0

Action                     |  1- 3 |  4- 6 |  7- 9 || total
---------------------------+-------+-------+-------++-------
  Melee: Unarmed           |    39 |     3 |       ||    42
         Punch             |     2 |     2 |       ||     4
         Short sword       |    79 |     5 |       ||    84
         Kick              |    20 |    16 |     5 ||    41
         Touch             |     9 |     9 |     3 ||    21
         Dagger            |       |    64 |    16 ||    80
         Tailslap          |       |       |     1 ||     1
  Throw: Stone             |       |       |     2 ||     2
    Use: Potion            |       |       |     6 ||     6
   Stab: Sleeping          |     1 |       |       ||     1
         Invisible         |       |       |     1 ||     1
 Armour: Leather armour    |    41 |       |       ||    41
         Ring mail         |     8 |    29 |    19 ||    56
         Skin              |       |     2 |       ||     2
  Dodge: Dodged            |    89 |    30 |     9 ||   128

Table legend: (Time is in decaauts)
 A = Elapsed time spent in this place.
 B = Non-inter-level travel time spent in this place.
 C = Inter-level travel time spent in this place.
 D = Time resting spent in this place.
 E = Time spent auto-exploring this place.
 F = Levels seen in this place.
 G = Mean time per level.
                   A        B        C        D        E       F      G
               +--------+--------+--------+--------+--------+-----+--------+
         Total |   2962 |   2616 |    346 |    279 |   1680 |   4 |  740.5 |
       Dungeon |   2962 |   2616 |    346 |    279 |   1680 |   4 |  740.5 |
               +--------+--------+--------+--------+--------+-----+--------+

Top non-repeatable levels by time:
     D:1: 1066 daAuts
     D:3: 879 daAuts
     D:2: 642 daAuts
     D:4: 373 daAuts
